 Dungeon Crawl Stone Soup version 0.28.0-45-g0d030f2227 (webtiles) character file.

Game seed: 3726912815349927817

179 DearestLeader the Shield-Bearer (level 5, -5/70 HPs)
             Began as a Gnoll Fighter on Mar 31, 2022.
             Was an Initiate of Okawaru.
             Slain by an orc priest
             ... wielding a +0 war axe
              (7 damage)
             ... on level 4 of the Dungeon.
             The game lasted 00:04:26 (3135 turns).

DearestLeader the Shield-Bearer (Gnoll Fighter)     Turns: 3135, Time: 00:04:26

Health: -5/70      AC: 22    Str: 17    XL:     5   Next: 59%
Magic:  7/7        EV:  2    Int:  7    God:    Okawaru [......]
Gold:   129        SH:  5    Dex: 12    Spells: 6/7 levels left

rFire   + . .      SeeInvis .   i - +1 mace (vorpal)
rCold   + . .      Faith    .   c - +0 buckler
rNeg    . . .      Spirit   .   (armour currently unavailable)
rPois   +          Reflect  .   (helmet currently unavailable)
rElec   +          Harm     .   (cloak currently unavailable)
rCorr   +          Rampage  .   (gloves currently unavailable)
Will    .....      NoTele   +   (boots currently unavailable)
Stlth   ++........              (no amulet)
HPRegen 0.21/turn               (no ring)
MPRegen 0.10/turn               (no ring)

@: tree-form, resistant, attractive
A: stationary, stasis, torment immunity, boosted hp, (fangs 1), strong nose,
distributed training
a: Renounce Religion


You were on level 4 of the Dungeon.
You worshipped Okawaru.
Okawaru was noncommittal.
You were a tree.
You visited 2 branches of the dungeon, and saw 5 of its levels.

You collected 129 gold pieces.

Inventory:

Hand Weapons
 a - a +0 war axe
 i - a +1 vorpal mace (weapon)
Armour
 c - a +0 buckler (worn)
 j - a +0 plate armour
 m - a +2 pair of gloves (melded)
 o - a +0 ring mail of cold resistance (melded)
Scrolls
 b - a scroll of enchant armour {unknown}
 e - 2 scrolls of immolation {unknown}
 g - a scroll of noise {unknown}
 k - 2 scrolls of identify {unknown}
 l - a scroll of holy word {unknown}
Potions
 d - a potion of might


   Skills:
 + Level 6.7 Fighting
 + Level 1.5 Short Blades
 + Level 1.5 Long Blades
 + Level 4.8 Axes
 + Level 1.5 Maces & Flails
 + Level 1.5 Polearms
 + Level 1.5 Staves
 + Level 1.5 Slings
 + Level 1.5 Bows
 + Level 1.5 Crossbows
 + Level 1.5 Throwing
 + Level 6.7 Armour
 + Level 1.5 Dodging
 + Level 1.5 Stealth
 + Level 6.7 Shields
 + Level 1.5 Unarmed Combat
 + Level 1.5 Spellcasting
 + Level 1.2 Conjurations
 + Level 1.2 Hexes
 + Level 1.2 Summonings
 + Level 1.2 Necromancy
 + Level 1.2 Translocations
 + Level 1.2 Transmutations
 + Level 1.2 Fire Magic
 + Level 1.2 Ice Magic
 + Level 1.2 Air Magic
 + Level 1.2 Earth Magic
 + Level 1.2 Poison Magic
 + Level 1.7 Invocations
 + Level 1.5 Evocations


You had 6 spell levels left.
You knew the following spells:

 Your Spells              Type           Power      Damage    Failure   Level
a - Animate Skeleton      Necr           4%         N/A       30%         1

Your spell library contained the following spells:

 Spells                   Type           Power      Damage    Failure   Level
 Apportation              Tloc           4%         N/A       30%         1
 Summon Small Mammal      Summ           Unusable   N/A       N/A         1

Dungeon Overview and Level Annotations

Branches:
Dungeon (4/15)             Temple (1/1) D:4

Altars:
Dithmenos
Elyvilon
Fedhas
Gozag
Hepliaklqana
Kikubaaqudgha
Makhleb
Okawaru
Qazlal
Ru
Sif Muna
Trog
Vehumet
Wu Jian
Xom
Zin


Innate Abilities, Weirdness & Mutations

You are a tree.
Your roots penetrate the ground, keeping you stationary.
You cannot be teleported.
You are immune to unholy pain and torment.
Your maximum health is greatly increased.
Your equipment is partially melded.
((You have very sharp teeth.))
Your uncanny sense of smell can sniff out nearby items.
Your experience applies equally to all skills.


Message History

The orc hits you with a +0 short sword.
The orc priest calls down the wrath of Beogh upon you.
Pain shoots through your body! The orc misses you.
You are too injured to fight recklessly!
You barely miss the orc priest. You bite the orc priest.
The orc priest is lightly wounded.
The orc hits you but does no damage.
The orc priest hits you with a +0 war axe.
You hit the orc priest.
The orc priest is moderately wounded.
The orc priest invokes the aid of Beogh against you.
Beogh smites you!
* * * LOW HITPOINT WARNING * * *
The orc hits you but does no damage.
Unknown command.
It was a potion of curing.
You feel better.
The orc priest hits you with a +0 war axe!
* * * LOW HITPOINT WARNING * * *
The orc hits you but does no damage.
It was a potion of resistance.
You feel protected. The orc priest closely misses you.
The orc hits you but does no damage.
It was a potion of attraction.
You feel attractive to monsters. The orc priest barely misses you.
You block the orc's attack.
It was a potion of lignification.
You turn into a tree.
Your +2 pair of gloves melds into your body.
Your +0 ring mail of cold resistance melds into your body.
You feel less resistant to cold.
Your roots penetrate the ground.
The orc priest hits you with a +0 war axe.
* * * LOW HITPOINT WARNING * * *
The orc hits you but does no damage.
You hit the orc priest but do no damage.
The orc priest is moderately wounded.
The orc priest hits you but does no damage.
You block the orc's attack.
You hit the orc priest.
The orc priest is severely wounded.
The orc priest hits you with a +0 war axe!
You die...

........## ...
...>.....##..".....
.........##....... .
.................## ..
.................. ...
.#............... ....
.##............# .....
###...........####......
#.............♣o..#
#...............)o..#
#..............###......
#.##.........#.#...#....
#. #.........#... # ...
. #........##...... #.
#........#..###.#
#....###...<..?.#.
#......#...........


You could see an orc priest and an orc.

Vanquished Creatures
  Terence (D:2)
  4 adders
  2 worms (D:2)
  5 dart slugs
  10 orcs
  8 ball pythons
  4 bats
  11 endoplasms
  4 giant cockroaches
  8 goblins
  5 hobgoblins
  3 jackals (D:2)
  6 kobolds
  5 quokkas
  2 frilled lizards
  5 rats
83 creatures vanquished.

Notes
Turn   | Place    | Note
-------+----------+-------------------------------------------
     0 | D:1      | DearestLeader the Gnoll Fighter began the quest for the
                  | Orb.
     0 | D:1      | Reached XP level 1. HP: 23/23 MP: 1/1
    53 | D:1      | Reached XP level 2. HP: 28/29 MP: 2/2
   425 | D:1      | Learned a level 1 spell: Animate Skeleton
   475 | D:1      | Reached XP level 3. HP: 29/35 MP: 3/3
   828 | D:2      | Noticed Terence
   846 | D:2      | Killed Terence
   847 | D:2      | Reached skill level 1 in Short Blades
   847 | D:2      | Reached skill level 1 in Long Blades
   847 | D:2      | Reached skill level 1 in Maces & Flails
   847 | D:2      | Reached skill level 1 in Polearms
   847 | D:2      | Reached skill level 1 in Staves
   847 | D:2      | Reached skill level 1 in Slings
   847 | D:2      | Reached skill level 1 in Bows
   847 | D:2      | Reached skill level 1 in Crossbows
   847 | D:2      | Reached skill level 1 in Throwing
   847 | D:2      | Reached skill level 1 in Dodging
   847 | D:2      | Reached skill level 1 in Stealth
   847 | D:2      | Reached skill level 1 in Unarmed Combat
   847 | D:2      | Reached skill level 1 in Spellcasting
   847 | D:2      | Reached skill level 1 in Invocations
   847 | D:2      | Reached skill level 1 in Evocations
   847 | D:2      | Reached XP level 4. HP: 24/41 MP: 5/5
  1012 | D:2      | Found a stormy altar of Qazlal.
  1041 | D:2      | You fall into a shaft and drop 2 floors!
  1246 | D:2      | Reached skill level 1 in Conjurations
  1246 | D:2      | Reached skill level 1 in Hexes
  1246 | D:2      | Reached skill level 1 in Summonings
  1246 | D:2      | Reached skill level 1 in Necromancy
  1246 | D:2      | Reached skill level 1 in Translocations
  1246 | D:2      | Reached skill level 1 in Transmutations
  1246 | D:2      | Reached skill level 1 in Fire Magic
  1246 | D:2      | Reached skill level 1 in Ice Magic
  1246 | D:2      | Reached skill level 1 in Air Magic
  1246 | D:2      | Reached skill level 1 in Earth Magic
  1246 | D:2      | Reached skill level 1 in Poison Magic
  1498 | D:2      | Found a faded altar of an unknown god.
  1700 | D:2      | Found a glowing silver altar of Zin.
  1713 | D:2      | Reached XP level 5. HP: 43/47 MP: 6/6
  2492 | D:3      | Found a glowing silver altar of Zin.
  2951 | D:4      | Found a staircase to the Ecumenical Temple.
  2972 | Temple   | Entered the Ecumenical Temple
  3062 | Temple   | Became a worshipper of Warmaster Okawaru
  3129 | D:4      | HP: 2/47 [orc priest/divine providence (15)]
  3135 | D:4      | Slain by an orc priest

Illustrated notes

Levels and vault maps discovered:
D:1:      enne_arrival_octagon_isle, layout_rooms
D:2:      layout_loops_corners, basic_altar,
          shapermc_ecumenical_altar_mp_vishouse, minmay_hexomino_r4,
          uniq_terence
D:3:      layout_loops_ring, mainiacjoe_overflow_tiny_flanked, minmay_cupped
D:4:      layout_cave_pools, cheibriados_altar_1,
          eat_drink_and_be_merry_uskayaw, minmay_temple_entry_slanted,
          hangedman_feature_mirror, uniq_sigmund
Temple:   regret_index_temple_waves

Skill      XL: |  1  2  3  4 |
---------------+-------------+-----
Short Blades   | 1 |  1.5
Long Blades    | 1 |  1.5
Maces & Flails | 1 |  1.5
Polearms       | 1 |  1.5
Staves         | 1 |  1.5
Slings         | 1 |  1.5
Bows           | 1 |  1.5
Crossbows      | 1 |  1.5
Throwing       | 1 |  1.5
Dodging        | 1 |  1.5
Stealth        | 1 |  1.5
Unarmed Combat | 1 |  1.5
Spellcasting   | 1 |  1.5
Invocations    | 1 |  1.7
Evocations     | 1 |  1.5
Conjurations   | 1 |  1.2
Hexes          | 1 |  1.2
Summonings     | 1 |  1.2
Necromancy     | 1 |  1.2
Translocations | 1 |  1.2
Transmutations | 1 |  1.2
Fire Magic     | 1 |  1.2
Ice Magic      | 1 |  1.2
Air Magic      | 1 |  1.2
Earth Magic    | 1 |  1.2
Poison Magic   | 1 |  1.2
Fighting       | |  6.7
Axes           | |  4.8
Armour         | |  6.7
Shields        | |  6.7

Action                   |  1- 3 |  4- 6 || total
-------------------------+-------+-------++-------
Melee: War axe           |    71 |     1 ||    72
       Bite              |     4 |    10 ||    14
       Mace              |       |   150 ||   150
  Use: Potion            |       |     4 ||     4
Armor: Scale mail        |    30 |    55 ||    85
       Ring mail         |       |    21 ||    21
       Skin              |       |     2 ||     2
Dodge: Dodged            |    28 |    76 ||   104
Block: Buckler           |    20 |    40 ||    60
